[ AOE2 MATCH · #463580256 ]
Team RMBerbers vs Persians
[ REPLAY ANALYSIS · EXTRACTED FROM THE RECORDED GAME ]
Feudal
9:01
Castle
20:08
Imperial
36:10
| APM avg | 38.0 |
| APM peak | 73 |
| eAPM avg | 14.0 |
| Villagers / military | 122 / 196 |
Focus
⚔️ 38.2% · 🌾 61.8%
Genitour ×61 · Camel Archer ×60 · Camel Scout ×59 · Knight ×9 · Scout Cavalry ×3 · Monk ×2
Feudal
11:21
Castle
16:28
Imperial
41:23
| APM avg | 53.0 |
| APM peak | 97 |
| eAPM avg | 24.7 |
| Villagers / military | 150 / 210 |
Focus
⚔️ 21.7% · 🌾 78.3%
Knight ×113 · Skirmisher ×90 · Trebuchet (Packed) ×3 · Monk ×2 · Mangonel ×1 · Spearman ×1
Feudal
9:12
Castle
18:36
Imperial
47:49
| APM avg | 37.3 |
| APM peak | 83 |
| eAPM avg | 20.2 |
| Villagers / military | 170 / 142 |
Focus
⚔️ 26.7% · 🌾 73.3%
Ballista Elephant ×88 · Knight ×48 · Scout Cavalry ×6
Feudal
10:35
Castle
15:52
Imperial
39:48
| APM avg | 30.1 |
| APM peak | 58 |
| eAPM avg | 15.2 |
| Villagers / military | 160 / 204 |
Focus
⚔️ 42.0% · 🌾 58.0%
Cavalry Archer ×143 · Spearman ×49 · Fire Lancer ×11 · Monk ×1
Feudal
9:42
Castle
21:40
Imperial
42:09
| APM avg | 29.3 |
| APM peak | 56 |
| eAPM avg | 15.0 |
| Villagers / military | 129 / 350 |
Focus
⚔️ 29.0% · 🌾 71.0%
Skirmisher ×146 · Camel Scout ×77 · Archer ×70 · Knight ×39 · Scout Cavalry ×8 · War Elephant ×6
Feudal
8:56
Castle
19:56
Imperial
34:03
| APM avg | 40.5 |
| APM peak | 97 |
| eAPM avg | 20.7 |
| Villagers / military | 181 / 287 |
Focus
⚔️ 36.6% · 🌾 63.4%
Spearman ×160 · Longbowman ×111 · Archer ×6 · Trebuchet (Packed) ×6 · Militia ×3 · Monk ×1
Match map
Resources at game start + every placement click. Thick line = wall · dashed box = detected house wall. 🟡 gold · ⚪ stone · 🟢 berries · 🔶 boar · ⭕ relic
Inputs per minute
— MizD - - krupjm
Build order — MizD
First 150 of 393 actions detected
| 0:01 | Create | Villager (Male) |
| 0:01 | Create | Villager (Male) |
| 0:03 | Build | House |
| 0:04 | Build | House |
| 0:33 | Create | Villager (Male) |
| 0:33 | Create | Villager (Male) |
| 0:33 | Create | Villager (Male) |
| 1:28 | Create | Villager (Male) |
| 1:49 | Build | Lumber Camp |
| 2:03 | Create | Villager (Male) |
| 2:24 | Create | Villager (Male) |
| 2:24 | Create | Villager (Male) |
| 2:57 | Create | Villager (Male) |
| 3:23 | Create | Villager (Male) |
| 3:33 | Build | House |
| 3:46 | Create | Villager (Male) |
| 4:21 | Create | Villager (Male) |
| 4:22 | Create | Villager (Male) |
| 4:57 | Build | Mill |
| 5:02 | Create | Villager (Male) |
| 5:06 | Create | Villager (Male) |
| 5:18 | Create | Villager (Male) |
| 5:22 | Research | Loom |
| 6:49 | Research | Feudal Age |
| 8:11 | Build | Barracks |
| 8:16 | Create | Villager (Male) |
| 8:18 | Create | Villager (Male) |
| 8:35 | Build | House |
| 9:01 | Age | Feudal Age |
| 9:04 | Build | Stable |
| 9:09 | Build | House |
| 9:39 | Create | Villager (Male) |
| 9:39 | Create | Villager (Male) |
| 9:41 | Research | Double-Bit Axe |
| 9:53 | Create | Scout Cavalry |
| 9:53 | Create | Scout Cavalry |
| 10:11 | Create | Villager (Male) |
| 10:24 | Build | House |
| 10:27 | Build | House |
| 10:35 | Create | Villager (Male) |
| 10:41 | Build | Farm |
| 10:53 | Create | Scout Cavalry |
| 11:01 | Build | Farm |
| 11:25 | Build | House |
| 11:57 | Create | Villager (Male) |
| 11:57 | Create | Villager (Male) |
| 12:44 | Create | Villager (Male) |
| 12:44 | Create | Villager (Male) |
| 12:56 | Create | Villager (Male) |
| 13:00 | Build | Farm |
| 13:01 | Build | Farm |
| 13:01 | Build | Farm |
| 13:01 | Build | Farm |
| 13:01 | Build | Farm |
| 13:02 | Build | Farm |
| 13:02 | Build | Farm |
| 13:16 | Build | Mining Camp |
| 13:32 | Build | House |
| 13:34 | Build | Palisade Wall |
| 13:40 | Build | Blacksmith |
| 13:46 | Build | House |
| 13:50 | Build | Palisade Wall |
| 14:06 | Create | Villager (Male) |
| 14:06 | Create | Villager (Male) |
| 14:22 | Create | Villager (Male) |
| 14:26 | Research | Horse Collar |
| 15:08 | Create | Villager (Male) |
| 15:30 | Build | House |
| 15:48 | Create | Villager (Male) |
| 15:58 | Research | Wheelbarrow |
| 16:01 | Build | Farm |
| 16:01 | Build | Farm |
| 16:01 | Build | Farm |
| 16:02 | Build | Farm |
| 16:25 | Build | Farm |
| 16:38 | Build | Farm |
| 17:08 | Build | Lumber Camp |
| 17:21 | Research | Castle Age |
| 17:39 | Build | Stable |
| 17:57 | Research | Gold Mining |
| 18:11 | Research | Bloodlines |
| 18:33 | Build | Stable |
| 18:44 | Research | Scale Barding Armor |
| 19:09 | Build | Farm |
| 19:17 | Create | Villager (Male) |
| 19:30 | Build | Farm |
| 19:36 | Build | Farm |
| 19:54 | Research | Forging |
| 20:08 | Age | Castle Age |
| 20:09 | Create | Camel Scout |
| 20:09 | Create | Camel Scout |
| 20:09 | Create | Camel Scout |
| 20:21 | Research | Heavy Plow |
| 20:29 | Create | Camel Scout |
| 20:29 | Create | Camel Scout |
| 20:29 | Create | Camel Scout |
| 20:48 | Create | Villager (Male) |
| 20:48 | Create | Villager (Male) |
| 20:57 | Create | Villager (Male) |
| 21:03 | Create | Camel Scout |
| 21:03 | Create | Camel Scout |
| 21:44 | Create | Villager (Male) |
| 21:44 | Create | Villager (Male) |
| 21:45 | Create | Camel Scout |
| 21:46 | Create | Camel Scout |
| 21:46 | Create | Camel Scout |
| 21:46 | Create | Camel Scout |
| 22:04 | Create | Villager (Male) |
| 22:04 | Create | Villager (Male) |
| 22:10 | Build | Town Center |
| 22:38 | Create | Knight |
| 22:38 | Create | Knight |
| 22:38 | Create | Knight |
| 22:38 | Create | Knight |
| 23:04 | Create | Villager (Male) |
| 23:20 | Research | Husbandry |
| 23:26 | Create | Villager (Male) |
| 23:26 | Create | Villager (Male) |
| 23:44 | Create | Knight |
| 23:44 | Create | Knight |
| 24:08 | Build | Building 796 |
| 24:29 | Research | Chain Barding Armor |
| 24:36 | Create | Villager (Male) |
| 24:37 | Create | Villager (Male) |
| 24:37 | Create | Villager (Male) |
| 24:43 | Build | Farm |
| 24:43 | Build | Farm |
| 24:44 | Build | Farm |
| 24:44 | Build | Farm |
| 24:44 | Build | Farm |
| 24:44 | Build | Farm |
| 24:45 | Build | Farm |
| 25:05 | Build | Town Center |
| 25:20 | Research | Iron Casting |
| 25:25 | Build | House |
| 25:27 | Build | House |
| 25:29 | Build | House |
| 25:32 | Build | House |
| 25:41 | Create | Villager (Male) |
| 25:41 | Create | Villager (Male) |
| 26:01 | Create | Villager (Male) |
| 26:02 | Create | Villager (Male) |
| 26:04 | Create | Villager (Male) |
| 26:35 | Create | Camel Scout |
| 26:36 | Create | Camel Scout |
| 26:36 | Create | Camel Scout |
| 27:13 | Create | Villager (Male) |
| 27:13 | Create | Villager (Male) |
| 27:15 | Create | Villager (Male) |
| 27:15 | Create | Villager (Male) |
Build order — krupjm
First 150 of 394 actions detected
| 0:01 | Create | Villager (Male) |
| 0:02 | Create | Villager (Male) |
| 0:02 | Create | Villager (Male) |
| 0:02 | Create | Villager (Male) |
| 0:02 | Create | Villager (Male) |
| 0:04 | Build | House |
| 0:05 | Build | House |
| 1:24 | Create | Villager (Male) |
| 1:24 | Create | Villager (Male) |
| 1:50 | Build | Lumber Camp |
| 1:51 | Create | Villager (Male) |
| 1:51 | Create | Villager (Male) |
| 2:24 | Create | Villager (Male) |
| 2:24 | Create | Villager (Male) |
| 2:29 | Research | Loom |
| 2:54 | Create | Villager (Male) |
| 2:54 | Create | Villager (Male) |
| 2:54 | Create | Villager (Male) |
| 3:05 | Build | House |
| 3:40 | Create | Villager (Male) |
| 3:56 | Build | Mill |
| 4:17 | Create | Villager (Male) |
| 4:17 | Create | Villager (Male) |
| 4:41 | Create | Villager (Male) |
| 4:41 | Create | Villager (Male) |
| 5:31 | Create | Villager (Male) |
| 5:31 | Create | Villager (Male) |
| 5:41 | Create | Villager (Male) |
| 5:54 | Build | Farm |
| 5:56 | Create | Villager (Male) |
| 6:22 | Build | House |
| 7:21 | Create | Villager (Male) |
| 7:38 | Build | Mining Camp |
| 7:39 | Create | Villager (Male) |
| 8:17 | Create | Villager (Male) |
| 8:18 | Create | Villager (Male) |
| 8:30 | Research | Feudal Age |
| 9:20 | Build | House |
| 9:22 | Build | Barracks |
| 9:24 | Build | House |
| 9:44 | Build | Palisade Wall |
| 9:52 | Build | Palisade Wall |
| 10:19 | Build | Palisade Gate |
| 10:24 | Build | Palisade Wall |
| 10:43 | Build | Palisade Wall |
| 10:49 | Build | Palisade Wall |
| 11:05 | Build | Building 796 |
| 11:17 | Build | Palisade Wall |
| 11:20 | Build | Building 796 |
| 11:21 | Age | Feudal Age |
| 11:33 | Build | Blacksmith |
| 11:43 | Create | Villager (Male) |
| 11:43 | Create | Villager (Male) |
| 12:37 | Create | Villager (Male) |
| 13:11 | Build | Stable |
| 13:24 | Build | Palisade Wall |
| 13:27 | Build | Palisade Wall |
| 13:35 | Build | Palisade Gate |
| 13:38 | Build | Palisade Wall |
| 13:49 | Research | Castle Age |
| 13:57 | Build | House |
| 14:03 | Build | Palisade Wall |
| 14:20 | Build | House |
| 14:22 | Build | Palisade Wall |
| 14:39 | Research | Forging |
| 14:40 | Research | Scale Barding Armor |
| 15:13 | Research | Double-Bit Axe |
| 15:25 | Create | Villager (Male) |
| 15:26 | Create | Villager (Male) |
| 15:43 | Build | Stable |
| 16:24 | Build | Farm |
| 16:28 | Age | Castle Age |
| 16:43 | Build | Farm |
| 16:46 | Create | Knight ×5 |
| 16:47 | Create | Knight ×5 |
| 16:58 | Build | Farm |
| 17:00 | Build | Farm |
| 17:04 | Build | Farm |
| 17:07 | Build | Farm |
| 17:21 | Build | Farm |
| 17:39 | Create | Villager (Male) |
| 18:36 | Create | Knight ×2 |
| 18:36 | Create | Knight ×2 |
| 18:59 | Create | Villager (Male) |
| 19:08 | Build | Town Center |
| 19:14 | Create | Villager (Male) |
| 19:25 | Create | Villager (Male) |
| 19:32 | Build | Farm |
| 19:32 | Build | Farm |
| 19:32 | Build | Farm |
| 19:32 | Build | Farm |
| 19:34 | Build | Farm |
| 19:48 | Create | Knight |
| 20:47 | Create | Knight ×3 |
| 20:47 | Create | Knight ×3 |
| 21:10 | Create | Knight |
| 21:10 | Create | Knight |
| 21:31 | Create | Villager (Male) |
| 21:32 | Create | Villager (Male) |
| 21:32 | Create | Villager (Male) |
| 21:51 | Create | Villager (Male) |
| 21:51 | Create | Villager (Male) |
| 21:57 | Create | Villager (Male) |
| 21:57 | Create | Villager (Male) |
| 21:58 | Create | Villager (Male) |
| 21:58 | Create | Villager (Male) |
| 22:28 | Create | Villager (Male) |
| 22:29 | Create | Villager (Male) |
| 22:29 | Create | Villager (Male) |
| 22:36 | Build | Town Center |
| 22:44 | Build | Mining Camp |
| 22:45 | Create | Villager (Male) |
| 23:05 | Create | Knight |
| 23:05 | Create | Knight |
| 23:11 | Create | Villager (Male) |
| 23:18 | Create | Villager (Male) |
| 23:29 | Build | Farm |
| 23:32 | Build | Farm |
| 23:34 | Create | Villager (Male) |
| 23:46 | Build | Mill |
| 23:46 | Build | Farm |
| 23:47 | Build | Farm |
| 23:47 | Build | Farm |
| 23:47 | Build | Farm |
| 23:47 | Build | Farm |
| 23:56 | Create | Villager (Male) |
| 23:56 | Create | Villager (Male) |
| 24:04 | Create | Villager (Male) |
| 24:04 | Create | Villager (Male) |
| 24:20 | Create | Villager (Male) |
| 24:20 | Create | Villager (Male) |
| 25:02 | Create | Villager (Male) |
| 25:02 | Create | Villager (Male) |
| 25:03 | Create | Villager (Male) |
| 25:10 | Build | House |
| 25:11 | Build | House |
| 25:14 | Build | House |
| 25:15 | Build | House |
| 25:19 | Create | Villager (Male) |
| 25:19 | Create | Villager (Male) |
| 25:20 | Create | Villager (Male) |
| 25:29 | Build | Farm |
| 25:29 | Build | Farm |
| 25:30 | Build | Farm |
| 25:30 | Build | Farm |
| 25:30 | Build | Farm |
| 25:31 | Build | Farm |
| 25:35 | Create | Villager (Male) |
| 25:35 | Create | Villager (Male) |
| 25:44 | Create | Villager (Male) |
Build order — kyles.jav
First 150 of 502 actions detected
| 0:01 | Create | Villager (Male) |
| 0:01 | Create | Villager (Male) |
| 0:02 | Build | House |
| 0:04 | Build | House |
| 0:25 | Create | Villager (Male) |
| 0:25 | Create | Villager (Male) |
| 1:32 | Create | Villager (Male) |
| 1:32 | Create | Villager (Male) |
| 1:44 | Build | Lumber Camp |
| 1:54 | Create | Villager (Male) |
| 1:54 | Create | Villager (Male) |
| 2:32 | Create | Villager (Male) |
| 2:34 | Create | Villager (Male) |
| 3:09 | Build | Palisade Wall |
| 3:18 | Build | Palisade Wall |
| 3:27 | Create | Villager (Male) |
| 3:27 | Create | Villager (Male) |
| 4:03 | Build | House |
| 4:06 | Build | Palisade Wall |
| 4:10 | Create | Villager (Male) |
| 4:10 | Create | Villager (Male) |
| 4:45 | Build | Mill |
| 5:21 | Create | Villager (Male) |
| 5:21 | Create | Villager (Male) |
| 5:39 | Create | Villager (Male) |
| 5:39 | Create | Villager (Male) |
| 5:57 | Create | Villager (Male) |
| 5:57 | Create | Villager (Male) |
| 6:14 | Research | Loom |
| 7:02 | Research | Feudal Age |
| 7:44 | Build | House |
| 8:18 | Build | Barracks |
| 8:51 | Build | Palisade Wall |
| 9:12 | Age | Feudal Age |
| 9:25 | Build | Stable |
| 9:26 | Create | Villager (Male) |
| 9:26 | Create | Villager (Male) |
| 9:48 | Build | Palisade Wall |
| 10:02 | Research | Double-Bit Axe |
| 10:15 | Create | Villager (Male) |
| 10:22 | Build | Farm |
| 10:34 | Create | Villager (Male) |
| 10:36 | Create | Scout Cavalry |
| 10:36 | Create | Scout Cavalry |
| 10:37 | Create | Scout Cavalry |
| 10:55 | Build | Mining Camp |
| 10:56 | Create | Villager (Male) |
| 11:12 | Build | House |
| 11:27 | Build | House |
| 11:30 | Build | House |
| 11:33 | Create | Villager (Male) |
| 11:51 | Build | Farm |
| 11:51 | Build | Farm |
| 11:53 | Create | Villager (Male) |
| 11:58 | Build | Farm |
| 12:15 | Create | Villager (Male) |
| 12:22 | Build | House |
| 12:28 | Build | Farm |
| 12:35 | Build | Farm |
| 12:49 | Create | Villager (Male) |
| 12:54 | Build | Farm |
| 12:59 | Create | Villager (Male) |
| 13:13 | Create | Villager (Male) |
| 13:16 | Build | Farm |
| 13:20 | Build | Farm |
| 13:38 | Build | Farm |
| 14:00 | Create | Villager (Male) |
| 14:03 | Build | Farm |
| 14:07 | Build | Farm |
| 14:26 | Create | Villager (Male) |
| 14:30 | Build | Farm |
| 14:32 | Create | Villager (Male) |
| 15:14 | Create | Villager (Male) |
| 15:16 | Build | Farm |
| 15:16 | Build | Farm |
| 15:38 | Build | Farm |
| 15:57 | Research | Castle Age |
| 16:14 | Build | Stable |
| 16:17 | Research | Horse Collar |
| 16:44 | Build | Blacksmith |
| 17:07 | Research | Gold Mining |
| 17:47 | Research | Bloodlines |
| 17:50 | Research | Scale Barding Armor |
| 17:57 | Research | Wheelbarrow |
| 18:19 | Create | Villager (Male) |
| 18:20 | Create | Villager (Male) |
| 18:36 | Age | Castle Age |
| 18:43 | Create | Knight |
| 19:09 | Create | Villager (Male) |
| 19:18 | Create | Knight |
| 19:47 | Build | Market |
| 19:49 | Create | Knight |
| 20:30 | Create | Knight |
| 20:41 | Build | House |
| 20:44 | Build | House |
| 20:55 | Create | Villager (Male) |
| 21:21 | Research | Chain Barding Armor |
| 21:22 | Research | Forging |
| 21:23 | Create | Knight |
| 21:23 | Create | Knight |
| 21:26 | Create | Villager (Male) |
| 21:48 | Create | Knight |
| 21:58 | Build | House |
| 22:06 | Create | Knight |
| 22:10 | Research | Husbandry |
| 22:12 | Create | Villager (Male) |
| 22:39 | Build | Town Center |
| 22:40 | Create | Villager (Male) |
| 22:40 | Create | Villager (Male) |
| 22:42 | Create | Knight |
| 23:08 | Create | Villager (Male) |
| 23:08 | Create | Knight |
| 23:39 | Create | Knight |
| 23:41 | Create | Knight |
| 23:50 | Build | Farm |
| 23:52 | Build | Farm |
| 24:06 | Create | Villager (Male) |
| 24:07 | Create | Knight |
| 24:20 | Create | Knight |
| 24:26 | Build | Farm |
| 24:28 | Build | Farm |
| 24:29 | Create | Villager (Male) |
| 24:44 | Create | Villager (Male) |
| 24:45 | Create | Knight |
| 24:59 | Create | Knight |
| 25:05 | Create | Villager (Male) |
| 25:23 | Create | Villager (Male) |
| 25:24 | Create | Knight |
| 25:26 | Build | Farm |
| 25:37 | Create | Villager (Male) |
| 25:46 | Create | Villager (Male) |
| 26:03 | Create | Knight |
| 26:04 | Create | Villager (Male) |
| 26:07 | Build | Farm |
| 26:29 | Create | Villager (Male) |
| 26:30 | Create | Knight |
| 26:30 | Create | Knight |
| 26:37 | Build | House |
| 26:42 | Build | House |
| 26:53 | Create | Villager (Male) |
| 26:57 | Build | House |
| 26:58 | Build | House |
| 27:01 | Build | House |
| 27:12 | Create | Villager (Male) |
| 27:13 | Create | Knight |
| 27:13 | Create | Knight |
| 27:36 | Create | Villager (Male) |
| 27:36 | Create | Villager (Male) |
| 27:37 | Create | Knight |
| 27:58 | Create | Villager (Male) |
Build order — levoilierrouge
First 150 of 415 actions detected
| 0:06 | Research | Loom |
| 0:06 | Research | Loom |
| 0:46 | Create | Villager (Male) |
| 0:46 | Create | Villager (Male) |
| 1:11 | Create | Villager (Male) |
| 1:11 | Create | Villager (Male) |
| 1:41 | Create | Villager (Male) |
| 1:41 | Create | Villager (Male) |
| 2:04 | Create | Villager (Male) |
| 2:04 | Create | Villager (Male) |
| 2:13 | Build | Lumber Camp |
| 2:19 | Create | Villager (Male) |
| 2:19 | Create | Villager (Male) |
| 2:51 | Create | Villager (Male) |
| 2:52 | Create | Villager (Male) |
| 3:25 | Create | Villager (Male) |
| 3:25 | Create | Villager (Male) |
| 3:25 | Create | Villager (Male) |
| 3:29 | Create | Villager (Male) |
| 3:29 | Create | Villager (Male) |
| 3:31 | Build | House |
| 3:32 | Build | House |
| 4:04 | Create | Villager (Male) |
| 4:04 | Create | Villager (Male) |
| 4:42 | Create | Villager (Male) |
| 4:47 | Build | Mill |
| 5:12 | Create | Villager (Male) |
| 5:13 | Create | Villager (Male) |
| 5:36 | Create | Villager (Male) |
| 5:36 | Create | Villager (Male) |
| 6:05 | Create | Villager (Male) |
| 6:23 | Create | Villager (Male) |
| 6:25 | Build | Farm |
| 6:27 | Create | Villager (Male) |
| 6:28 | Create | Villager (Male) |
| 7:15 | Build | Farm |
| 7:17 | Build | Farm |
| 7:40 | Build | Mining Camp |
| 8:09 | Research | Feudal Age |
| 8:45 | Build | House |
| 9:04 | Create | Villager (Male) |
| 9:05 | Create | Villager (Male) |
| 9:20 | Build | Palisade Wall |
| 9:21 | Build | Palisade Wall |
| 9:23 | Build | Palisade Wall |
| 9:37 | Build | Palisade Wall |
| 9:58 | Build | Palisade Wall |
| 10:35 | Age | Feudal Age |
| 10:39 | Build | Market |
| 11:01 | Build | Blacksmith |
| 11:07 | Create | Villager (Male) |
| 11:33 | Build | Palisade Wall |
| 11:35 | Build | Palisade Wall |
| 11:37 | Build | Palisade Wall |
| 13:12 | Research | Castle Age |
| 13:12 | Research | Castle Age |
| 13:52 | Build | Palisade Wall |
| 14:34 | Build | House |
| 14:36 | Build | House |
| 14:38 | Build | House |
| 15:39 | Build | Palisade Wall |
| 15:47 | Create | Villager (Male) |
| 15:52 | Age | Castle Age |
| 15:56 | Build | Town Center |
| 16:16 | Build | Town Center |
| 16:20 | Build | House |
| 16:22 | Build | House |
| 16:24 | Build | House |
| 16:28 | Create | Villager (Male) |
| 16:29 | Create | Villager (Male) |
| 16:29 | Create | Villager (Male) |
| 16:29 | Create | Villager (Male) |
| 17:25 | Create | Villager (Male) |
| 17:26 | Create | Villager (Male) |
| 17:26 | Create | Villager (Male) |
| 17:36 | Build | Farm |
| 17:37 | Build | Farm |
| 17:46 | Create | Villager (Male) |
| 17:47 | Create | Villager (Male) |
| 17:56 | Create | Villager (Male) |
| 17:57 | Create | Villager (Male) |
| 17:57 | Create | Villager (Male) |
| 17:57 | Create | Villager (Male) |
| 17:57 | Create | Villager (Male) |
| 17:58 | Create | Villager (Male) |
| 18:22 | Build | Farm |
| 18:24 | Build | Farm |
| 18:26 | Build | Farm |
| 18:41 | Create | Villager (Male) |
| 18:59 | Build | Farm |
| 19:01 | Create | Villager (Male) |
| 19:04 | Build | Farm |
| 19:09 | Build | Farm |
| 19:11 | Create | Villager (Male) |
| 19:15 | Build | House |
| 19:17 | Build | House |
| 19:31 | Build | House |
| 19:41 | Create | Villager (Male) |
| 19:41 | Create | Villager (Male) |
| 19:49 | Create | Villager (Male) |
| 19:49 | Create | Villager (Male) |
| 19:56 | Build | Barracks |
| 19:59 | Create | Villager (Male) |
| 20:00 | Create | Villager (Male) |
| 20:02 | Create | Villager (Male) |
| 20:12 | Create | Villager (Male) ×2 |
| 20:13 | Create | Villager (Male) |
| 20:23 | Create | Villager (Male) |
| 20:24 | Create | Villager (Male) |
| 20:25 | Create | Villager (Male) |
| 20:26 | Create | Villager (Male) |
| 20:53 | Create | Villager (Male) |
| 21:03 | Create | Villager (Male) |
| 21:07 | Build | Archery Range |
| 21:13 | Create | Villager (Male) ×2 |
| 21:13 | Create | Villager (Male) ×2 |
| 21:17 | Create | Villager (Male) |
| 21:28 | Build | Farm |
| 21:29 | Build | Farm |
| 21:29 | Build | Farm |
| 21:29 | Build | Farm |
| 21:41 | Create | Villager (Male) |
| 21:44 | Build | House |
| 21:46 | Build | House |
| 21:47 | Build | House |
| 21:49 | Create | Villager (Male) |
| 21:50 | Create | Villager (Male) |
| 21:55 | Build | Archery Range |
| 22:02 | Build | Farm |
| 22:04 | Build | Farm |
| 22:08 | Build | Farm |
| 22:14 | Create | Villager (Male) |
| 22:17 | Create | Villager (Male) |
| 22:32 | Create | Cavalry Archer |
| 22:32 | Create | Cavalry Archer |
| 22:34 | Create | Villager (Male) |
| 22:35 | Create | Villager (Male) |
| 22:42 | Build | University |
| 22:49 | Build | University |
| 22:50 | Create | Villager (Male) ×2 |
| 22:54 | Create | Cavalry Archer |
| 22:55 | Create | Cavalry Archer |
| 22:58 | Build | Archery Range |
| 23:05 | Build | Stable |
| 23:06 | Create | Villager (Male) ×2 |
| 23:07 | Create | Villager (Male) ×2 |
| 23:12 | Build | Farm |
| 23:18 | Build | House |
| 23:20 | Build | House |
| 23:29 | Create | Cavalry Archer ×3 |
Build order — EZZETTA
First 150 of 420 actions detected
| 0:02 | Create | Villager (Male) |
| 0:02 | Create | Villager (Male) |
| 0:02 | Create | Villager (Male) |
| 0:02 | Create | Villager (Male) |
| 0:03 | Create | Villager (Male) |
| 0:03 | Build | House |
| 0:05 | Build | House |
| 1:26 | Create | Villager (Male) |
| 1:26 | Create | Villager (Male) |
| 1:26 | Create | Villager (Male) |
| 1:48 | Create | Villager (Male) |
| 1:49 | Create | Villager (Male) |
| 1:49 | Create | Villager (Male) |
| 2:10 | Build | Lumber Camp |
| 2:33 | Create | Villager (Male) |
| 2:33 | Create | Villager (Male) |
| 2:33 | Create | Villager (Male) |
| 3:08 | Create | Villager (Male) |
| 3:08 | Create | Villager (Male) |
| 3:32 | Create | Villager (Male) |
| 3:32 | Create | Villager (Male) |
| 4:18 | Build | House |
| 4:19 | Build | House |
| 4:23 | Create | Villager (Male) |
| 4:23 | Create | Villager (Male) |
| 4:23 | Create | Villager (Male) |
| 4:23 | Create | Villager (Male) |
| 4:41 | Build | House |
| 5:12 | Create | Villager (Male) |
| 5:12 | Create | Villager (Male) |
| 5:19 | Build | Mill |
| 6:24 | Research | Loom |
| 6:55 | Create | Villager (Male) |
| 7:38 | Research | Feudal Age |
| 7:53 | Build | Barracks |
| 8:04 | Build | Palisade Wall |
| 8:44 | Build | Palisade Gate |
| 9:26 | Build | House |
| 9:42 | Age | Feudal Age |
| 9:44 | Build | Stable |
| 9:46 | Create | Villager (Male) |
| 9:46 | Create | Villager (Male) |
| 9:52 | Research | Double-Bit Axe |
| 10:28 | Build | Palisade Wall |
| 10:30 | Create | Villager (Male) |
| 10:35 | Create | Scout Cavalry |
| 10:35 | Create | Scout Cavalry |
| 11:00 | Build | Palisade Wall |
| 11:00 | Build | Palisade Wall |
| 11:03 | Create | Villager (Male) |
| 11:04 | Create | Villager (Male) |
| 11:09 | Create | Scout Cavalry |
| 11:45 | Create | Villager (Male) |
| 12:08 | Build | House |
| 13:02 | Create | Scout Cavalry |
| 13:02 | Create | Scout Cavalry |
| 13:11 | Create | Villager (Male) |
| 13:11 | Create | Villager (Male) |
| 13:18 | Create | Villager (Male) |
| 13:37 | Create | Scout Cavalry |
| 13:41 | Build | Farm |
| 13:41 | Build | Farm |
| 13:41 | Build | Farm |
| 13:42 | Build | Farm |
| 13:44 | Build | Farm |
| 13:45 | Build | Farm |
| 13:45 | Build | Farm |
| 13:45 | Build | Farm |
| 13:45 | Build | Farm |
| 13:45 | Build | Farm |
| 13:46 | Build | Farm |
| 13:46 | Build | Farm |
| 13:46 | Build | Farm |
| 13:46 | Build | Farm |
| 13:47 | Build | Farm |
| 13:47 | Build | Farm |
| 14:11 | Create | Spearman |
| 14:12 | Create | Spearman |
| 14:15 | Build | House |
| 14:25 | Build | House |
| 14:36 | Create | Scout Cavalry |
| 14:54 | Build | Farm |
| 14:55 | Build | Farm |
| 14:57 | Create | Villager (Male) |
| 15:20 | Create | Villager (Male) |
| 15:25 | Build | Mining Camp |
| 15:54 | Create | Scout Cavalry |
| 15:56 | Create | Villager (Male) |
| 16:21 | Create | Villager (Male) |
| 16:21 | Create | Villager (Male) |
| 17:08 | Create | Villager (Male) |
| 17:14 | Build | Blacksmith |
| 17:44 | Research | Wheelbarrow |
| 17:52 | Build | Lumber Camp |
| 18:32 | Build | Market |
| 19:15 | Research | Castle Age |
| 19:15 | Research | Castle Age |
| 19:32 | Build | Stable |
| 20:34 | Build | Farm |
| 20:37 | Build | Farm |
| 20:39 | Build | Farm |
| 20:40 | Build | Farm |
| 20:46 | Research | Bloodlines |
| 20:48 | Research | Forging |
| 20:53 | Build | House |
| 20:53 | Build | House |
| 20:54 | Build | House |
| 21:40 | Age | Castle Age |
| 21:51 | Create | Villager (Male) |
| 21:51 | Create | Villager (Male) |
| 21:55 | Create | Camel Scout |
| 21:55 | Create | Camel Scout |
| 21:55 | Create | Camel Scout |
| 21:55 | Create | Camel Scout |
| 22:09 | Build | Farm |
| 22:12 | Research | Bow Saw |
| 22:13 | Create | Villager (Male) |
| 22:21 | Research | Gold Mining |
| 22:37 | Create | Villager (Male) |
| 23:01 | Create | Camel Scout |
| 23:02 | Create | Camel Scout |
| 23:20 | Create | Villager (Male) |
| 23:33 | Research | Scale Barding Armor |
| 23:34 | Create | Villager (Male) |
| 23:40 | Build | Town Center |
| 23:52 | Create | Villager (Male) |
| 23:57 | Create | Camel Scout |
| 23:57 | Create | Camel Scout |
| 24:04 | Create | Villager (Male) |
| 24:13 | Create | Camel Scout |
| 24:36 | Create | Camel Scout |
| 24:36 | Create | Camel Scout |
| 24:52 | Create | Camel Scout |
| 24:52 | Create | Camel Scout |
| 24:53 | Create | Villager (Male) |
| 24:54 | Create | Villager (Male) |
| 24:58 | Build | Farm |
| 24:59 | Build | Farm |
| 25:04 | Build | House |
| 25:06 | Build | House |
| 25:10 | Build | House |
| 25:22 | Create | Villager (Male) |
| 25:23 | Create | Villager (Male) |
| 25:27 | Build | Farm |
| 25:32 | Create | Villager (Male) |
| 25:32 | Create | Villager (Male) |
| 25:32 | Create | Villager (Male) |
| 25:46 | Create | Knight |
| 25:47 | Create | Knight |
| 25:57 | Create | Camel Scout |
Build order — iSuk | McGoosey
First 150 of 492 actions detected
| 0:01 | Create | Villager (Male) |
| 0:01 | Create | Villager (Male) |
| 0:01 | Create | Villager (Male) |
| 0:01 | Create | Villager (Male) |
| 0:03 | Build | House |
| 0:05 | Build | House |
| 1:21 | Create | Villager (Male) |
| 1:39 | Create | Villager (Male) |
| 1:49 | Build | Lumber Camp |
| 2:08 | Create | Villager (Male) |
| 2:08 | Create | Villager (Male) |
| 2:32 | Create | Villager (Male) |
| 2:36 | Create | Villager (Male) |
| 2:36 | Create | Villager (Male) |
| 3:03 | Create | Villager (Male) |
| 3:26 | Create | Villager (Male) |
| 3:27 | Create | Villager (Male) |
| 3:53 | Create | Villager (Male) |
| 3:56 | Build | House |
| 3:58 | Create | Villager (Male) |
| 4:13 | Build | Mill |
| 4:36 | Create | Villager (Male) |
| 4:37 | Create | Villager (Male) |
| 4:38 | Create | Villager (Male) |
| 5:47 | Research | Loom |
| 6:34 | Build | Barracks |
| 6:46 | Research | Feudal Age |
| 7:22 | Build | House |
| 8:09 | Build | Mining Camp |
| 8:10 | Create | Militia |
| 8:10 | Create | Militia |
| 8:14 | Build | Palisade Wall |
| 8:35 | Create | Villager (Male) |
| 8:36 | Create | Militia |
| 8:42 | Build | House |
| 8:43 | Build | Palisade Wall |
| 8:56 | Age | Feudal Age |
| 8:57 | Create | Villager (Male) |
| 9:00 | Research | Double-Bit Axe |
| 9:36 | Research | Man-at-Arms (upgrade) |
| 9:37 | Create | Villager (Male) |
| 10:00 | Build | Archery Range |
| 10:05 | Create | Villager (Male) |
| 10:19 | Create | Villager (Male) |
| 10:40 | Create | Villager (Male) |
| 10:49 | Build | House |
| 11:03 | Create | Villager (Male) |
| 11:06 | Build | Farm |
| 11:09 | Build | House |
| 11:16 | Build | Palisade Gate |
| 11:19 | Build | House |
| 11:21 | Build | Palisade Wall |
| 11:26 | Create | Villager (Male) |
| 11:29 | Build | Farm |
| 11:46 | Create | Villager (Male) |
| 12:04 | Create | Villager (Male) |
| 12:08 | Build | Farm |
| 12:10 | Build | Farm |
| 12:12 | Create | Villager (Male) |
| 12:16 | Build | House |
| 12:43 | Create | Villager (Male) |
| 12:47 | Build | Farm |
| 12:47 | Create | Villager (Male) |
| 12:51 | Build | Farm |
| 13:28 | Create | Villager (Male) |
| 14:02 | Create | Villager (Male) |
| 14:05 | Build | Farm |
| 14:08 | Build | Farm |
| 14:09 | Create | Villager (Male) |
| 14:11 | Build | Farm |
| 14:13 | Create | Villager (Male) |
| 14:15 | Build | Farm |
| 14:17 | Build | Farm |
| 14:26 | Build | Farm |
| 14:28 | Create | Villager (Male) |
| 15:00 | Create | Villager (Male) |
| 15:04 | Build | Farm |
| 15:06 | Create | Villager (Male) |
| 15:39 | Create | Villager (Male) |
| 15:42 | Build | Farm |
| 15:43 | Create | Villager (Male) |
| 15:59 | Create | Villager (Male) |
| 16:02 | Build | Farm |
| 16:25 | Create | Villager (Male) |
| 16:29 | Build | Blacksmith |
| 16:51 | Create | Villager (Male) |
| 16:55 | Build | Farm |
| 17:13 | Research | Castle Age |
| 17:19 | Build | Market |
| 17:23 | Build | Lumber Camp |
| 18:04 | Build | House |
| 18:24 | Create | Villager (Male) |
| 19:02 | Research | Horse Collar |
| 19:07 | Create | Archer |
| 19:14 | Build | Farm |
| 19:16 | Research | Wheelbarrow |
| 19:52 | Build | Building 487 |
| 19:54 | Create | Villager (Male) |
| 19:56 | Age | Castle Age |
| 19:58 | Create | Archer |
| 20:10 | Build | House |
| 20:12 | Build | House |
| 20:15 | Build | House |
| 20:18 | Research | Fletching |
| 20:19 | Create | Villager (Male) |
| 20:24 | Build | Town Center |
| 20:41 | Build | House |
| 20:45 | Build | Palisade Wall |
| 20:55 | Research | Bodkin Arrow |
| 21:06 | Build | House |
| 21:08 | Build | House |
| 21:28 | Create | Villager (Male) |
| 21:28 | Create | Villager (Male) |
| 21:28 | Create | Villager (Male) |
| 21:29 | Create | Villager (Male) |
| 21:29 | Create | Villager (Male) |
| 21:29 | Create | Villager (Male) |
| 21:29 | Create | Villager (Male) |
| 21:30 | Create | Villager (Male) |
| 21:30 | Create | Villager (Male) |
| 21:51 | Create | Villager (Male) |
| 21:51 | Create | Villager (Male) |
| 21:52 | Create | Villager (Male) |
| 21:52 | Create | Villager (Male) |
| 21:56 | Build | Farm |
| 21:58 | Build | Farm |
| 22:02 | Build | Farm |
| 22:09 | Build | Farm |
| 22:13 | Build | Farm |
| 22:13 | Build | Farm |
| 22:13 | Build | Farm |
| 22:13 | Build | Farm |
| 22:13 | Build | Farm |
| 22:13 | Build | Farm |
| 22:18 | Research | Heavy Plow |
| 22:25 | Build | Farm |
| 22:26 | Build | Farm |
| 22:27 | Create | Villager (Male) |
| 22:27 | Create | Villager (Male) |
| 22:43 | Build | Farm |
| 22:51 | Build | Mining Camp |
| 22:58 | Create | Villager (Male) |
| 22:58 | Create | Villager (Male) |
| 23:01 | Research | Bow Saw |
| 23:12 | Create | Villager (Male) |
| 23:14 | Create | Villager (Male) |
| 23:54 | Build | Monastery |
| 23:56 | Create | Villager (Male) |
| 23:56 | Create | Villager (Male) |
| 23:56 | Create | Villager (Male) |
Match timeline
| 3:09 | kyles.jav · wall_segment Palisade Wall x1 |
| 3:18 | kyles.jav · wall_segment Palisade Wall x1 |
| 4:06 | kyles.jav · wall_segment Palisade Wall x1 |
| 6:34 | iSuk | McGoosey · first_building Barracks |
| 7:53 | EZZETTA · first_building Barracks |
| 8:04 | EZZETTA · wall_segment Palisade Wall x11 |
| 8:11 | MizD · first_building Barracks |
| 8:14 | iSuk | McGoosey · wall_segment Palisade Wall x4 |
| 8:18 | kyles.jav · first_building Barracks |
| 8:43 | iSuk | McGoosey · wall_segment Palisade Wall x1 |
| 8:51 | kyles.jav · wall_segment Palisade Wall x6 |
| 8:56 | iSuk | McGoosey · age_up feudal |
| 9:01 | MizD · age_up feudal |
| 9:04 | MizD · first_building Stable |
| 9:12 | kyles.jav · age_up feudal |
| 9:20 | levoilierrouge · wall_segment Palisade Wall x1 |
| 9:21 | levoilierrouge · wall_segment Palisade Wall x1 |
| 9:22 | krupjm · first_building Barracks |
| 9:23 | levoilierrouge · wall_segment Palisade Wall x1 |
| 9:25 | kyles.jav · first_building Stable |
| 9:37 | levoilierrouge · wall_segment Palisade Wall x9 |
| 9:42 | EZZETTA · age_up feudal |
| 9:44 | krupjm · wall_segment Palisade Wall x5 |
| 9:44 | EZZETTA · first_building Stable |
| 9:48 | kyles.jav · wall_segment Palisade Wall x4 |
| 9:52 | krupjm · wall_segment Palisade Wall x3 |
| 9:58 | levoilierrouge · wall_segment Palisade Wall x5 |
| 10:00 | iSuk | McGoosey · first_building Archery Range |
| 10:24 | krupjm · wall_segment Palisade Wall x3 |
| 10:28 | EZZETTA · wall_segment Palisade Wall x7 |
| 10:35 | levoilierrouge · age_up feudal |
| 10:43 | krupjm · wall_segment Palisade Wall x3 |
| 10:49 | krupjm · wall_segment Palisade Wall x5 |
| 11:00 | EZZETTA · wall_segment Palisade Wall x1 |
| 11:00 | EZZETTA · wall_segment Palisade Wall x1 |
| 11:17 | krupjm · wall_segment Palisade Wall x7 |
| 11:21 | iSuk | McGoosey · wall_segment Palisade Wall x1 |
| 11:21 | krupjm · age_up feudal |
| 11:33 | levoilierrouge · wall_segment Palisade Wall x1 |
| 11:35 | levoilierrouge · wall_segment Palisade Wall x1 |
| 11:37 | levoilierrouge · wall_segment Palisade Wall x1 |
| 13:11 | krupjm · first_building Stable |
| 13:24 | krupjm · wall_segment Palisade Wall x1 |
| 13:27 | krupjm · wall_segment Palisade Wall x5 |
| 13:34 | MizD · wall_segment Palisade Wall x8 |
| 13:38 | krupjm · wall_segment Palisade Wall x3 |
| 13:50 | MizD · wall_segment Palisade Wall x10 |
| 13:52 | levoilierrouge · wall_segment Palisade Wall x11 |
| 14:03 | krupjm · wall_segment Palisade Wall x7 |
| 14:22 | krupjm · wall_segment Palisade Wall x3 |
| 15:39 | levoilierrouge · wall_segment Palisade Wall x1 |
| 15:52 | levoilierrouge · age_up castle |
| 16:28 | krupjm · age_up castle |
| 18:36 | kyles.jav · age_up castle |
| 19:56 | levoilierrouge · first_building Barracks |
| 19:56 | iSuk | McGoosey · age_up castle |
| 20:08 | MizD · age_up castle |
| 20:45 | iSuk | McGoosey · wall_segment Palisade Wall x1 |
| 21:07 | levoilierrouge · first_building Archery Range |
| 21:18 | kyles.jav · first_market_sell 100 food |
| 21:40 | EZZETTA · age_up castle |
| 23:05 | levoilierrouge · first_building Stable |
| 23:47 | iSuk | McGoosey · first_market_buy 100 wood |
| 23:54 | iSuk | McGoosey · first_building Monastery |
| 26:12 | levoilierrouge · wall_segment Palisade Wall x1 |
| 26:23 | iSuk | McGoosey · first_market_sell 100 food |
| 27:26 | levoilierrouge · first_market_sell 500 wood |
| 27:57 | EZZETTA · wall_segment Palisade Wall x1 |
| 29:49 | krupjm · wall_segment Stone Wall x1 |
| 29:54 | krupjm · wall_segment Stone Wall x1 |
| 29:56 | krupjm · wall_segment Stone Wall x3 |
| 31:26 | levoilierrouge · wall_segment Stone Wall x16 |
| 31:58 | MizD · first_building Monastery |
| 31:59 | krupjm · wall_segment Stone Wall x1 |
| 32:00 | krupjm · wall_segment Stone Wall x1 |
| 32:23 | iSuk | McGoosey · first_building Castle |
| 32:27 | levoilierrouge · wall_segment Stone Wall x1 |
| 32:29 | levoilierrouge · wall_segment Stone Wall x6 |
| 32:31 | levoilierrouge · wall_segment Stone Wall x1 |
| 33:50 | EZZETTA · first_market_buy 100 food |
| 34:03 | iSuk | McGoosey · age_up imperial |
| 34:11 | MizD · first_building Castle |
| 34:51 | kyles.jav · first_market_buy 100 stone |
| 35:12 | kyles.jav · first_building Castle |
| 35:31 | levoilierrouge · first_building Monastery |
| 36:10 | MizD · age_up imperial |
| 36:42 | krupjm · wall_segment Stone Wall x3 |
| 36:47 | krupjm · first_building Siege Workshop |
| 37:01 | EZZETTA · first_building Castle |
| 37:34 | krupjm · first_building Monastery |
| 37:40 | krupjm · wall_segment Stone Wall x1 |
| 38:07 | krupjm · wall_segment Stone Wall x3 |
| 38:14 | levoilierrouge · first_building Castle |
| 39:22 | EZZETTA · first_market_sell 100 wood |
| 39:37 | levoilierrouge · first_market_buy 100 wood |
| 39:48 | levoilierrouge · age_up imperial |
| 40:03 | EZZETTA · wall_segment Stone Wall x17 |
| 40:27 | EZZETTA · first_building Archery Range |
| 41:23 | krupjm · age_up imperial |
| 41:25 | krupjm · first_market_buy 100 wood |
| 42:01 | krupjm · wall_segment Stone Wall x13 |
| 42:05 | krupjm · first_building Archery Range |
| 42:09 | EZZETTA · age_up imperial |
| 43:02 | MizD · first_building Archery Range |
| 43:40 | krupjm · first_building Castle |
| 44:44 | MizD · wall_segment Stone Wall x11 |
| 44:54 | MizD · wall_segment Stone Wall x7 |
| 46:06 | MizD · wall_segment Stone Wall x19 |
| 46:27 | kyles.jav · tribute_sent a jugador 1 |
| 46:27 | kyles.jav · tribute_sent a jugador 3 |
| 46:27 | kyles.jav · tribute_sent a jugador 4 |
| 46:27 | kyles.jav · tribute_sent a jugador 5 |
| 46:27 | kyles.jav · tribute_sent a jugador 6 |
| 46:28 | iSuk | McGoosey · tribute_sent a jugador 1 |
| 46:28 | iSuk | McGoosey · tribute_sent a jugador 2 |
| 46:28 | iSuk | McGoosey · tribute_sent a jugador 3 |
| 46:28 | iSuk | McGoosey · tribute_sent a jugador 4 |
| 46:28 | iSuk | McGoosey · tribute_sent a jugador 5 |
| 47:49 | kyles.jav · age_up imperial |
| 51:36 | levoilierrouge · tribute_sent a jugador 1 |
| 51:36 | levoilierrouge · tribute_sent a jugador 2 |
| 51:36 | levoilierrouge · tribute_sent a jugador 4 |
| 51:36 | levoilierrouge · tribute_sent a jugador 5 |
| 51:36 | levoilierrouge · tribute_sent a jugador 6 |
| 52:05 | kyles.jav · tribute_sent a jugador 1 |
| 52:05 | kyles.jav · tribute_sent a jugador 3 |
| 52:05 | kyles.jav · tribute_sent a jugador 4 |
| 52:05 | kyles.jav · tribute_sent a jugador 5 |
| 52:05 | kyles.jav · tribute_sent a jugador 6 |
| 54:57 | EZZETTA · resign |
[ AI ANALYSIS · 1 CREDIT ]
What really happened in this match?
Wolo.gg analyzes every decision: build order, eco, micro, common mistakes by bracket. Personalized analysis on WhatsApp or Discord in 30 seconds.
Civ guide
Berbers
Map guide
Lombardia
Perfil
MizD